 Dungeon Crawl Stone Soup version 0.18.1-5-g4a78601 (webtiles) character file.

4020 oplop the Covert (level 10, -1/49 HPs)
             Began as a Vine Stalker Assassin on May 9, 2016.
             Was an Initiate of Ru.
             Slain by a gnoll sergeant
             ... wielding a +0 spear
              (4 damage)
             ... while paralysed by a gnoll sergeant
             ... on level 8 of the Dungeon.
             The game lasted 00:17:15 (5956 turns).

oplop the Covert (Vine Stalker Assassin)            Turns: 5956, Time: 00:17:16

Health: -1/49      AC:  9    Str: 15    XL:     10   Next: 23%
Magic:  0/18       EV:  2    Int: 16    God:    Ru [......]
Gold:   213        SH:  0    Dex: 18    Spells: 2 memorised, 14 levels left

rFire  . . .     SeeInvis .     a - +3 dagger (protect)
rCold  . . .     Gourm    .     c - +0 robe
rNeg   . . .     Faith    .     (no shield)
rPois  .         Spirit   +     (no helmet)
rElec  .         Dismiss  .     d - +1 cloak
rCorr  +         Reflect  .     (no gloves)
SustAt .         Harm     .     (no boots)
MR     +....                    y - amulet of regeneration
Stlth  ++++......               u - ring of resist corrosion
                                l - +5 ring of intelligence

@: paralysed, singing, somewhat resistant to hostile enchantments, stealthy
A: fangs 3, regeneration 2, magic shield, antimagic bite, no device heal 3, rot
immunity
a: Renounce Religion, Stop Singing


You were on level 8 of the Dungeon.
You worshipped Ru.
Ru was noncommittal.
You were hungry.

You visited 2 branches of the dungeon, and saw 9 of its levels.

You collected 271 gold pieces.
You spent 58 gold pieces at shops.

Inventory:

Hand Weapons
 a - a +3 dagger of protection (weapon)
 b - a +0 blowgun
 F - a +2 dagger
Missiles
 e - 24 poisoned needles
 f - 2 curare-tipped needles
 G - a throwing net (quivered)
Armour
 c - a +0 robe (worn)
 d - a +1 cloak (worn)
Jewellery
 l - a +5 ring of intelligence (left hand)
 p - an uncursed ring of ice
 q - an uncursed ring of positive energy
 u - a ring of resist corrosion (right hand)
 y - an amulet of regeneration (around neck)
Wands
 I - a wand of paralysis (7/24)
 J - a wand of digging (14/24)
 K - a wand of disintegration (6/24)
 M - a wand of confusion (16/48)
Scrolls
 h - a scroll of enchant armour
 i - 4 scrolls of fog
 s - a scroll of fear
 t - 4 scrolls of identify
 v - a scroll of remove curse
 w - a scroll of teleportation
 L - a scroll of enchant weapon {unknown}
Potions
 j - a potion of magic {unknown}
 m - 2 potions of might
 r - 2 potions of heal wounds {unknown}
 x - 2 potions of brilliance {unknown}
 z - a potion of cancellation {unknown}
 A - a potion of invisibility {unknown}
 B - a potion of degeneration {unknown}
 D - 2 potions of curing {unknown}
 E - 2 potions of lignification {unknown}
 H - 2 potions of haste {unknown}
Books
 C - a book of Battle

   Spells                             Type                      Level
   a - Infusion                       Charms                       1
   b - Shroud of Golubria             Charms/Translocation         2
   c - Song of Slaying                Charms                       2
   d - Spectral Weapon                Hexes/Charms                 3
   e - Regeneration                   Charms/Necromancy            3
Comestibles
 g - 5 bread rations
 k - 18 chunks of flesh
 n - 2 royal jellies
 o - 5 fruits


   Skills:
 + Level 4.0 Fighting
 + Level 6.1 Short Blades
 - Level 3.2 Throwing
 + Level 3.4 Dodging
 - Level 9.1 Stealth
 + Level 5.1 Spellcasting
 - Level 4.3 Hexes
 - Level 6.4 Charms


You had 14 spell levels left.
You knew the following spells:

 Your Spells              Type           Power        Failure   Level  Hunger
a - Song of Slaying       Chrm           ###.....     1%          2    #......
b - Spectral Weapon       Hex/Chrm       ###.....     6%          3    ###....


Dungeon Overview and Level Annotations

Branches:
Dungeon (8/15)             Temple (1/1) D:5
   Lair: D:8-11

Altars:
Ashenzari
Cheibriados
Dithmenos
Elyvilon
Fedhas
Gozag
Kikubaaqudgha
Nemelex Xobeh
Okawaru
Pakellas
Qazlal
Ru
Sif Muna
Trog
Vehumet
Xom
Yredelemnul
Zin

Shops:
D:4 (   D:7 =


Innate Abilities, Weirdness & Mutations

You have razor-sharp teeth.
You heal very quickly.
When hurt, damage is shared between your health and your magic reserves.
Your bite disrupts and absorbs the magic of your enemies.
Potions and wands cannot restore your health.
You are immune to rotting.


Message History

The gnoll shouts!
You hear a shout! x3
A gnoll and an orc wizard come into view.
The orc wizard shouts!
The gnoll shouts!
The gnoll shouts!
The orc warrior closely misses you.
The gnoll sergeant zaps a wand.
You suddenly lose the ability to move!
It is a wand of paralysis.
The gnoll sergeant hits you with a spear!
The orc warrior hits you with a scimitar!
The gnoll sergeant zaps a wand.
You shrug off the repeated paralysis!
The orc warrior hits you with a scimitar!!
The gnoll sergeant hits you but does no damage.
The gnoll barely misses you.
The gnoll hits you from afar with a halberd!
* * * LOW HITPOINT WARNING * * *
The gnoll hits you but does no damage.
The orc warrior hits you with a scimitar!
* * * LOW HITPOINT WARNING * * *
You hear a bark!
The gnoll sergeant hits you with a spear.
You die...

# # #........#.. #
...........# #
........... # ..........#
##### .......g..# ....#
.....g.g..# . ###....
.....oggo## ###. # ##
.......@..# ... #
####.........#.##.# #
#....P..####.#)#..#
#####.♣≈≈≈P####...)..#
..##.P≈.≈≈≈P#...#.%.##
#.....≈≈≈.≈...###...#
###..≈.≈≈≈P.## #...#
##....≈≈≈≈≈♣.# #.#...#
.....≈≈≈≈≈≈..####.#.#...#


You could see an orc warrior, a gnoll sergeant, an orc wizard and 4 gnolls.

Vanquished Creatures
  Pikel (D:5)
  A troll (D:7)
  Grinder (D:4)
  Sigmund (D:4)
  A wyvern (D:8)
  A hungry ghost (D:8)
  Menkaure (D:5)
  Duvessa (D:4)
  2 slaves (D:5)
  A sky beast (D:5)
  A black bear (D:7)
  A phantom (D:5)
  An ice beast (D:6)
  An ogre (D:6)
  A necrophage (D:6)
  2 centaurs
  4 giant frogs
  Dowan (D:4)
  5 scorpions
  3 howler monkeys
  An electric eel (D:8)
  2 crimson imps
  A centaur zombie (D:8)
  2 hounds (D:8)
  A giant frog skeleton (D:5)
  10 orc priests
  A centaur skeleton (D:6)
  2 iguanas
  6 worker ants
  7 orc wizards
  A hound zombie (D:7)
  4 gnolls
  8 adders
  A worm (D:4)
  A dart slug (D:3)
  4 giant geckos
  22 orcs
  7 giant cockroaches
  8 goblins
  5 hobgoblins
  4 jackals
  6 kobolds
  5 quokkas
  3 ball pythons
  7 bats
  7 giant newts
  A quokka zombie (D:5)
  7 rats
165 creatures vanquished.

Vanquished Creatures (others)
  A slave (D:5)
  A quokka (D:5)
2 creatures vanquished.

Grand Total: 167 creatures vanquished

Notes
Turn   | Place    | Note
--------------------------------------------------------------
     0 | D:1      | oplop the Vine Stalker Assassin began the quest for the Orb.
     0 | D:1      | Reached XP level 1. HP: 11/11 MP: 2/2
   144 | D:1      | Reached skill level 1 in Dodging
   148 | D:1      | Reached XP level 2. HP: 15/15 MP: 3/3
   597 | D:2      | Reached XP level 3. HP: 18/18 MP: 2/4
   600 | D:2      | Reached skill level 5 in Stealth
   906 | D:2      | Reached XP level 4. HP: 23/23 MP: 5/5
  1211 | D:3      | Found an oddly glowing altar of Pakellas.
  1302 | D:3      | Found a shattered altar of Ashenzari.
  1311 | D:3      | Reached XP level 5. HP: 18/27 MP: 4/6
  1601 | D:4      | Noticed Dowan
  1602 | D:4      | Noticed Duvessa
  1613 | D:4      | Killed Duvessa
  1613 | D:4      | Gained mutation: You heal very quickly. [Vine Stalker growth]
  1613 | D:4      | Reached XP level 6. HP: 9/32 MP: 4/7
  1617 | D:4      | Killed Dowan
  1617 | D:4      | Reached skill level 6 in Stealth
  1648 | D:4      | Found a bloodstained altar of Trog.
  1687 | D:4      | Noticed Grinder
  1924 | D:4      | Learned a level 2 spell: Song of Slaying
  1928 | D:4      | Learned a level 3 spell: Spectral Weapon
  1934 | D:4      | Noticed Sigmund
  2043 | D:4      | Found Uvaumape's Antique Weapon Shoppe.
  2154 | D:4      | Bought a glowing dagger for 58 gold pieces
  2329 | D:5      | Entered Level 5 of the Dungeon
  2349 | D:5      | Found an iron altar of Okawaru.
  2408 | D:5      | Reached skill level 1 in Spellcasting
  2408 | D:5      | Reached XP level 7. HP: 35/36 MP: 7/9
  2455 | D:5      | Reached skill level 1 in Charms
  2522 | D:5      | Noticed Pikel
  2724 | D:5      | You fall through a shaft for 2 floors!
  2879 | D:7      | Found Feanoum's Jewellery Boutique.
  2884 | D:7      | Gained mutation: You have razor-sharp teeth. [Vine Stalker growth]
  2884 | D:7      | Reached XP level 8. HP: 40/40 MP: 11/13
  2899 | D:7      | Reached skill level 7 in Stealth
  3105 | D:7      | Noticed a troll
  3112 | D:7      | Killed a troll
  3269 | D:6      | Found a blossoming altar of Fedhas.
  3269 | D:6      | Found a basalt altar of Yredelemnul.
  3269 | D:6      | Found a sparkling altar of Nemelex Xobeh.
  3269 | D:6      | Found a shimmering altar of Xom.
  3272 | D:6      | Found a glowing silver altar of Zin.
  3479 | D:6      | Found a blossoming altar of Fedhas.
  3514 | D:6      | Reached skill level 8 in Stealth
  3514 | D:6      | Reached skill level 1 in Hexes
  3514 | D:6      | Reached XP level 9. HP: 44/44 MP: 16/16
  3741 | D:6      | Found a shattered altar of Ashenzari.
  3861 | D:6      | Reached skill level 5 in Charms
  4480 | D:5      | Noticed Menkaure
  4493 | D:5      | Killed Pikel
  4493 | D:5      | Reached skill level 5 in Short Blades
  4673 | D:5      | Killed Menkaure
  5047 | D:5      | Found a staircase to the Ecumenical Temple.
  5088 | Temple   | Entered the Ecumenical Temple
  5259 | Temple   | Became a worshipper of Ru the Awakened
  5345 | D:4      | Killed Grinder
  5345 | D:4      | Reached skill level 9 in Stealth
  5351 | D:4      | Killed Sigmund
  5619 | D:8      | Reached XP level 10. HP: 48/49 MP: 17/17
  5788 | D:8      | Reached skill level 5 in Spellcasting
  5952 | D:8      | Paralysed by a gnoll sergeant for 6 turns
  5955 | D:8      | HP: 2/49 [orc warrior/scimitar (8)]
  5956 | D:8      | Slain by a gnoll sergeant

Skill      XL: |  1  2  3  4  5  6  7  8  9 10 |
---------------+-------------------------------+-----
Short Blades   | 2 3 4 5 6 |  6.1
Throwing       | 2 3 |  3.2
Dodging        | 1 2 3 |  3.4
Fighting       | 2 3 4 |  4.0
Stealth        | 5 6 8 9 |  9.1
Spellcasting   | 1 2 4 5 |  5.1
Charms         | 2 4 6 |  6.4
Hexes          | 1 4 |  4.3

Action                   |  1- 3 |  4- 6 |  7- 9 | 10-12 || total
-------------------------+-------+-------+-------+-------++-------
Melee: Dagger            |   104 |   134 |   348 |   118 ||   704
       Bite              |    19 |    43 |   112 |    39 ||   213
 Fire: Blowgun           |       |     8 |    36 |       ||    44
 Cast: Song of Slaying   |       |       |       |     1 ||     1
  Use: Potion            |       |     1 |       |       ||     1
       Scroll            |       |       |     8 |       ||     8
 Stab: Sleeping          |     8 |     8 |    13 |     1 ||    30
       Distracted        |       |     2 |     2 |     1 ||     5
  Eat: Chunk             |       |     4 |     9 |     3 ||    16
       Fruit             |       |       |     1 |       ||     1
       Beef jerky        |       |       |     1 |       ||     1
Armor: Robe              |    23 |    13 |    93 |    25 ||   154
Dodge: Dodged            |    72 |    62 |   192 |    49 ||   375
